 Dungeon Crawl Stone Soup version 0.30-a0-779-g7971cf19c3 (webtiles) character file.

Game seed: 10432902940304360968

49 Zonian the Sneak (level 3, 0/18 HPs)
             Began as a Vine Stalker Brigand on Feb 17, 2023.
             Constricted to death by Natasha (4 damage)
             ... on level 2 of the Dungeon.
             The game lasted 00:02:10 (801 turns).

Zonian the Sneak (Vine Stalker Brigand)              Turns: 801, Time: 00:02:11

Health: 0/18       AC:  5    Str: 13    XL:     3   Next: 77%
Magic:  0/4        EV:  9    Int: 11    God:
Gold:   51         SH:  0    Dex: 17    Spells: 2/2 levels left

rFire   . . .      SeeInvis +    n - +2 short sword (elec)
rCold   . . .      Faith    .    (no shield)
rNeg    . . .      Spirit   +    b - +0 robe
rPois   .          Reflect  .    (no helmet)
rElec   .          Harm     .    c - +0 cloak
rCorr   .          Rampage  .    (no gloves)
Will    .....                    m - +1 pair of boots
Stlth   +++                      (no amulet)
HPRegen 0.23/turn                h - ring of see invisible
MPRegen 0.09/turn                (no ring)

@: grasped by roots, constricted
A: fangs 2, magic shield, antimagic bite, no potion heal 2
a: no special abilities


You were on level 2 of the Dungeon.
You visited 1 branch of the dungeon, and saw 2 of its levels.

You collected 51 gold pieces.

Inventory:

Hand Weapons
 a - a +2 dagger
 j - a +0 whip of flaming
 n - a +2 short sword of electrocution (weapon)
Missiles
 d - 9 poisoned darts (quivered)
 e - 2 curare-tipped darts
Armour
 b - a +0 robe (worn)
 c - a +0 cloak (worn)
 m - a +1 pair of boots (worn)
Jewellery
 h - a ring of see invisible (left hand)
Scrolls
 f - a scroll of summoning {unknown}
 g - 2 scrolls of identify {unknown}
 l - a scroll of teleportation {unknown}
Potions
 i - a potion of brilliance {unknown}
 k - a potion of ambrosia {unknown}


   Skills:
 + Level 2.2 Fighting
 + Level 2.2 Short Blades
 + Level 2.2 Throwing
 + Level 1.3 Dodging
 + Level 5.2 Stealth


You had 2 spell levels left.
You didn't know any spells.
Your spell library was empty.

Dungeon Overview and Level Annotations

Branches:
Dungeon (2/15)

Altars:

Shops:
D:2 [[

Annotations:
D:2 Natasha


Innate Abilities, Weirdness & Mutations

You have extremely sharp teeth.
When hurt, damage is shared between your health and your magic reserves.
Your bite disrupts and absorbs the magic of your enemies.
Potions cannot restore your health.


Message History

Natasha, Servant of Life and Death comes into view.
She is carrying a wand of roots (8).
Unknown command.
Found an escape hatch in the floor.
Natasha hisses angrily.
Natasha zaps a wand.
The roots erupt in riotous growth!
The grasping roots grab you! The grasping roots constrict you.
You escape the roots grasp.
Natasha zaps a wand.
The roots erupt in riotous growth!
The grasping roots grab you! The grasping roots constrict you.
You escape the roots grasp.
Natasha casts a spell at you. You resist with some effort.
Natasha casts a spell at you. The magic dart hits you.
You are too injured to fight recklessly!
You are too injured to fight recklessly!
You are too injured to fight recklessly!
Unknown command.
Throw: 3 darts (curare)
Press: ? - help, Shift-Dir - straight line, f - Natasha
Aim: Natasha, carrying a wand of roots (6) (55% to hit)
You throw a curare-tipped dart.
The curare-tipped dart closely misses Natasha.
Natasha zaps a wand.
The roots erupt in riotous growth!
The grasping roots grab you! The grasping roots constrict you.
* * * LOW HITPOINT WARNING * * *
Unknown command.
You escape the roots grasp.
Natasha casts a spell at you. The magic dart hits you.
* * * LOW HITPOINT WARNING * * *
You barely miss Natasha. You bite Natasha, but do no damage.
You closely miss Natasha. Your bite misses Natasha.
Natasha zaps a wand.
The roots erupt in riotous growth!
The grasping roots grab you!
Natasha is unaffected.
The grasping roots constrict you.
You die...

#. #.# #. #.#
#. #.# ###
.#####. #.# #<#
.(.....##.###.#
....>........>#
#.............#
#..h@......#
#..........#
#..........#
##########.#
#.# #.#########
#.........#
#.#######.# #.#
#.#


You could see Natasha.

Vanquished Creatures
  An adder (D:2)
  3 dart slugs (D:1)
  3 ball pythons (D:1)
  2 endoplasms (D:2)
  2 giant cockroaches (D:1)
  3 hobgoblins (D:1)
  4 jackals (D:1)
  2 kobolds
  2 quokkas (D:1)
  3 bats (D:1)
  4 frilled lizards (D:1)
  3 goblins (D:1)
  A rat (D:2)
33 creatures vanquished.

Notes
Turn   | Place    | Note
-------+----------+-------------------------------------------
     0 | D:1      | Zonian the Vine Stalker Brigand began the quest for the
                  | Orb.
     0 | D:1      | Reached XP level 1. HP: 11/11 MP: 2/2
    83 | D:1      | Reached skill level 1 in Dodging
    83 | D:1      | Reached XP level 2. HP: 15/15 MP: 3/3
   126 | D:1      | Reached skill level 5 in Stealth
   348 | D:1      | Reached XP level 3. HP: 18/18 MP: 4/4
   414 | D:1      | Found a faded altar of an unknown god.
   526 | D:1      | You fall into a shaft and drop 1 floor!
   526 | D:2      | Found Pebatz's Armour Boutique.
   743 | D:2      | Found Fint's Armour Boutique.
   793 | D:2      | Noticed Natasha
   801 | D:2      | Constricted to death by Natasha

Illustrated notes

Levels and vault maps discovered:
D:1:      shiori_arrival_maze, layout_loops_ring,
          shapermc_ecumenical_altar_mp_ritualfount
D:2:      minmay_recursive_quarters, layout_basic, serial_shops,
          nicolae_shop_hallway_plus, shop, uniq_natasha

Skill      XL: |  1  2 |
---------------+-------+-----
Dodging        | 1 |  1.3
Throwing       | 2 |  2.2
Stealth        | 5 |  5.2
Fighting       | 2 |  2.2
Short Blades   | 2 |  2.2

Action                     || total
---------------------------++-------
  Melee: Dagger            ||    66
         Bite              ||    24
         Whip              ||     8
         Short sword       ||     7
  Throw: Dart              ||     1
   Stab: Sleeping          ||     6
 Armour: Robe              ||    18
  Dodge: Dodged            ||    31

Table legend: (Time is in decaauts)
 A = Elapsed time spent in this place.
 B = Non-inter-level travel time spent in this place.
 C = Inter-level travel time spent in this place.
 D = Time resting spent in this place.
 E = Time spent auto-exploring this place.
 F = Levels seen in this place.
 G = Mean time per level.
                   A        B        C        D        E       F      G
               +--------+--------+--------+--------+--------+-----+--------+
         Total |    792 |    792 |      0 |    106 |    441 |   2 |  396.0 |
       Dungeon |    792 |    792 |      0 |    106 |    441 |   2 |  396.0 |
               +--------+--------+--------+--------+--------+-----+--------+

Top non-repeatable levels by time:
     D:1: 519 daAuts
     D:2: 273 daAuts
